 Dungeon Crawl Stone Soup version 0.16.2-2-g470672f (webtiles) character file.

34148 poirepourri the Warrior (level 13, -5/186 (195) HPs)
             Began as a Hill Orc Berserker on Aug 27, 2015.
             Was a High Priest of Trog.
             Slain by a death yak (13 damage)
             ... on level 7 of the Lair of Beasts.
             The game lasted 01:00:58 (20462 turns).

poirepourri the Warrior (Hill Orc Berserker)       Turns: 20462, Time: 01:00:58

HP:   -5/186 (195)  AC: 15    Str: 29    XL:     13   Next: 75%
MP:   13/13         EV: 18    Int:  7    God:    Trog [*****.]
Gold: 1116          SH:  0    Dex: 11    Spells: 0 memorised, 12 levels left

rFire  . . .     SeeInvis .     t - +3 executioner's axe (freeze)
rCold  . . .     Clarity  .     I - +2 scale mail {rPois}
rNeg   . . .     SustAb   .     (no shield)
rPois  +         Gourm    .     e - +1 helmet
rElec  .         Spirit   .     (no cloak)
rCorr  .         Warding  .     (no gloves)
rMut   .         Stasis   .     C - +1 pair of boots
MR     .....                    (no amulet)
Stlth  ..........               n - ring of stealth
                                u - +4 ring of evasion

@: berserking, very quick, not resistant to hostile enchantments, extremely
unstealthy
A: no striking features
a: Burn Spellbooks, Berserk, Trog's Hand, Brothers in Arms, Renounce Religion


You were on level 7 of the Lair of Beasts.
You worshipped Trog.
Trog was extremely pleased with you.
You were not hungry.

You visited 2 branches of the dungeon, and saw 17 of its levels.

You collected 1116 gold pieces.

Inventory:

Hand weapons
 a - a +1 hand axe
 o - a +0 war axe
 t - a +3 executioner's axe of freezing (weapon)
 G - a +1 antimagic broad axe
 S - a +1 battleaxe of freezing
 V - a +4 antimagic battleaxe
Missiles
 r - 6 tomahawks (quivered)
 y - an arrow
 P - 3 poisoned javelins
Armour
 b - a +1 animal skin
 d - a +0 ring mail
 e - a +1 helmet (worn)
 i - a +1 pair of boots
 m - a +0 scale mail
 B - a +0 leather armour
 C - a +1 pair of boots (worn)
 I - a +2 scale mail of poison resistance (worn)
 J - a +2 plate armour of poison resistance
Jewellery
 k - an uncursed ring of flight
 l - an uncursed ring of protection from fire
 n - a ring of stealth (right hand)
 u - a +4 ring of evasion (left hand)
 x - an uncursed ring of invisibility
 R - an uncursed ring of ice
Magical devices
 c - a wand of draining (6)
 q - a wand of fire (8)
 A - a wand of random effects (19)
 D - a wand of slowing (28)
 F - a wand of frost (0)
 X - a wand of fire (9)
 Y - a wand of slowing (21)
 Z - a wand of random effects (25)
Scrolls
 f - 5 scrolls of blinking
 g - 4 scrolls of recharging
 j - 6 scrolls of teleportation
 s - 7 scrolls of remove curse
 N - 2 scrolls of silence
Potions
 h - a potion of resistance
 p - 6 potions of invisibility
 v - a potion of agility
 w - 2 potions of might
 H - 2 potions of brilliance
 K - 3 potions of mutation
 L - 4 potions of curing
 M - a potion of lignification
 Q - a potion of ambrosia
Comestibles
 E - 2 slices of pizza
 O - 6 fruits
 T - a bread ration
 U - a royal jelly
 W - 4 beef jerkies


   Skills:
 * Level 16.6 Fighting
 + Level 14.9 Axes
 + Level 10.1 Armour
 + Level 9.0 Dodging
 + Level 2.4 Stealth


You had 12 spell levels left.
You didn't know any spells.

Dungeon Overview and Level Annotations

Branches:
Dungeon (10/15)            Temple (0/1) D:5            Lair (7/8) D:9
 Shoals (0/5) Lair:3        Snake (0/5) Lair:6        Slime (0/6) Lair:6
    Orc: D:9-12

Altars:
Elyvilon
Fedhas
Gozag
Nemelex Xobeh
Okawaru
Trog
Xom
The Shining One
Beogh


Message History

The death yak is almost dead.
You slice the death yak!! You freeze the death yak.
You kill the death yak!
Trog accepts your kill.
Your Dodging skill increases to level 9!
You hit the death yak. You freeze the death yak.
The death yak is lightly wounded.
You slash the death yak! You freeze the death yak.
The death yak is severely wounded.
The death yak misses you. The death yak completely misses you.
You slice the death yak!! You freeze the death yak.
You kill the death yak!
Trog accepts your kill.
You slice the death yak!! You freeze the death yak.
The death yak is heavily wounded.
You slice the death yak!! You freeze the death yak!
You kill the death yak!
Trog accepts your kill. The death yak gores you!
You die...

*,***,,,,,,,......,,,,,,,,,,,,,,,
*,,***,,,............,,,,*,,,,,,,
*,,****,..............,,******,,,
,,..##.................,,,** *,,,
...#....................,,,* *,*,
P.......................,,,*****,
.P....[.................,,,,* *,
PP.............†††.......,*** **
................@Y..#,,,,** *
...............###....#,** *
..........#...##*,*####** *
...........#### *** ............#
P....#.....## #.P...#..###
##........# ####...#.#**


You could see a death yak.

Vanquished Creatures
  Gastronok (Lair:3)
  Fannar (Lair:5)
  4 hydras
  Erica (Lair:4)
  4 death yaks (Lair:7)
  Pikel (D:6)
  A lindwurm (Lair:6)
  A hill giant (D:10)
  3 black mambas
  3 elephants (Lair:4)
  12 spiny frogs
  3 torpor snails
  4 komodo dragons
  The ghost of SaintRoka the Cudgeler, an experienced GrBe of Trog (D:8)
  2 trolls
  A polar bear (Lair:6)
  3 blink frogs (Lair:5)
  A two-headed ogre (D:8)
  3 basilisks
  2 wyverns
  A hungry ghost (D:8)
  25 yaks
  A hog (D:9)
  A human (D:9)
  5 hippogriffs
  A deep elf fighter (D:9)
  Edmund (D:4)
  5 wolves (Lair:1)
  8 water moccasins
  11 porcupines
  A necrophage (D:7)
  A phantom (D:9)
  5 orc warriors
  2 black bears
  4 sky beasts
  A boring beetle (Lair:5)
  10 crocodiles
  4 ogres
  12 centaurs
  Sigmund (D:6)
  A big kobold (D:8)
  A gnoll sergeant (D:6)
  7 giant frogs
  4 jellies
  10 killer bees
  A crimson imp (D:7)
  3 electric eels
  A goliath beetle (D:7)
  A wasp zombie (D:6)
  3 giant frog zombies
  11 hounds
  14 iguanas
  4 orc priests
  2 centaur skeletons
  A giant frog skeleton (D:8)
  11 hell rats (Lair:5)
  5 orc wizards
  8 sheep
  2 killer bee zombies
  2 worker ants
  Ijyb (D:6)
  Jessica (D:3)
  A hound zombie (D:7)
  2 worker ant zombies
  51 river rats
  4 gnolls
  19 adders
  A shadow imp (D:10)
  A giant mite (D:9)
  2 giant geckos
  50 orcs
  A giant cockroach (D:3)
  17 hobgoblins
  9 jackals
  15 kobolds
  11 quokkas
  17 bats
  A giant gecko skeleton (D:4)
  5 giant newts
  11 goblins
  30 rats
  11 fungi
  4 plants
509 creatures vanquished.

Vanquished Creatures (collateral kills)
  The ghost of poirepourri the Cleaver, an experienced DDBe of Trog (D:10)
  2 hydras
  A crocodile (Lair:5)
4 creatures vanquished.

Vanquished Creatures (others)
  2 slaves (D:6)
  A hound (D:6)
  4 fungi
  A plant (Lair:1)
8 creatures vanquished.

Grand Total: 521 creatures vanquished

Notes
Turn   | Place    | Note
--------------------------------------------------------------
     0 | D:1      | poirepourri, the Hill Orc Berserker, began the quest for the Orb.
     0 | D:1      | Reached XP level 1. HP: 19/19 MP: 1/1
   111 | D:1      | Reached XP level 2. HP: 2/27 MP: 2/2
   823 | D:2      | Found an opulent altar of Gozag.
   841 | D:2      | Reached XP level 3. HP: 13/34 MP: 3/3
  1042 | D:2      | Found a bloodstained altar of Trog.
  1043 | D:2      | Found a shimmering altar of Xom.
  1124 | D:2      | Acquired Trog's second power
  1794 | D:3      | Reached XP level 4. HP: 11/41 MP: 4/4
  1941 | D:3      | Reached skill level 5 in Fighting
  2231 | D:3      | Reached XP level 5. HP: 45/48 MP: 5/5
  2250 | D:3      | Found an iron altar of Okawaru.
  2531 | D:3      | Noticed Jessica
  2540 | D:3      | Killed Jessica
  3261 | D:4      | Found a glowing golden altar of the Shining One.
  3363 | D:4      | Noticed Edmund
  3382 | D:4      | Killed Edmund
  3382 | D:4      | Reached skill level 6 in Fighting
  3382 | D:4      | Reached skill level 5 in Axes
  3382 | D:4      | Reached XP level 6. HP: 51/57 MP: 6/6
  4063 | D:5      | Entered Level 5 of the Dungeon
  4139 | D:5      | Found an opulent altar of Gozag.
  4253 | D:5      | Reached XP level 7. HP: 64/64 MP: 7/7
  4753 | D:5      | Found a staircase to the Ecumenical Temple.
  4806 | D:6      | Reached skill level 7 in Fighting
  4856 | D:6      | Reached XP level 8. HP: 43/73 MP: 8/8
  5077 | D:6      | Found a sparkling altar of Nemelex Xobeh.
  5122 | D:6      | Found a white marble altar of Elyvilon.
  5170 | D:6      | Reached skill level 5 in Armour
  5584 | D:6      | Noticed Ijyb
  5599 | D:6      | Killed Ijyb
  5691 | D:6      | Noticed Sigmund
  5732 | D:6      | Killed Sigmund
  6040 | D:6      | Noticed Pikel
  6060 | D:6      | Killed Pikel
  6060 | D:6      | Reached skill level 8 in Fighting
  6060 | D:6      | Reached skill level 1 in Stealth
  6060 | D:6      | Reached XP level 9. HP: 48/82 MP: 9/9
  6698 | D:7      | Reached skill level 9 in Fighting
  6790 | D:7      | Found a blossoming altar of Fedhas.
  6925 | D:7      | Received a gift from Trog
  7283 | D:7      | Acquired Trog's third power
  7529 | D:7      | Reached skill level 5 in Dodging
  8069 | D:8      | Noticed SaintRoka's ghost (experienced GrBe)
  8082 | D:8      | Killed SaintRoka's ghost
  8082 | D:8      | Reached skill level 10 in Fighting
  8296 | D:8      | Reached XP level 10. HP: 85/87 MP: 10/10
  9885 | D:9      | Reached skill level 11 in Fighting
 10148 | D:9      | Reached skill level 10 in Axes
 10953 | D:9      | Found a staircase to the Lair.
 11290 | D:10     | Entered Level 10 of the Dungeon
 11366 | D:10     | Noticed poirepourri's ghost (experienced DDBe)
 11371 | D:10     | Killed poirepourri's ghost
 11470 | D:10     | Received a gift from Trog
 11599 | D:10     | Noticed a hill giant
 11614 | D:10     | Killed a hill giant
 11614 | D:10     | Reached skill level 12 in Fighting
 11614 | D:10     | Reached XP level 11. HP: 91/98 MP: 11/11
 12538 | D:10     | Found a roughly hewn altar of Beogh.
 13067 | Lair:1   | Entered Level 1 of the Lair of Beasts
 13520 | Lair:1   | Noticed a seven-headed hydra
 13536 | Lair:1   | Killed a 17-headed hydra
 13538 | Lair:1   | Received a gift from Trog
 13774 | Lair:1   | Reached skill level 13 in Fighting
 14764 | Lair:2   | Noticed an eight-headed hydra
 14780 | Lair:2   | Killed a 11-headed hydra
 15409 | Lair:2   | Reached XP level 12. HP: 85/110 MP: 12/12
 15730 | Lair:2   | Reached skill level 14 in Fighting
 16057 | Lair:3   | Found a staircase to the Shoals.
 16069 | Lair:3   | Found a frozen archway.
 16233 | Lair:3   | Noticed Gastronok
 16247 | Lair:3   | Killed Gastronok
 16559 | Lair:3   | Received a gift from Trog
 16996 | Lair:4   | Reached skill level 15 in Fighting
 17008 | Lair:4   | Noticed a five-headed hydra
 17014 | Lair:4   | Killed a five-headed hydra
 17020 | Lair:4   | Received a gift from Trog
 17137 | Lair:4   | Noticed Erica
 17151 | Lair:4   | Killed Erica
 17647 | Lair:5   | Noticed Fannar
 17665 | Lair:5   | Killed Fannar
 17665 | Lair:5   | Reached XP level 13. HP: 121/121 MP: 13/13
 17730 | Lair:5   | Noticed a four-headed hydra
 17738 | Lair:5   | Killed an eight-headed hydra
 18170 | Lair:5   | Received a gift from Trog
 18606 | Lair:5   | Noticed a four-headed hydra
 18614 | Lair:5   | Killed a four-headed hydra
 19343 | Lair:6   | Reached skill level 16 in Fighting
 19361 | Lair:6   | Found a staircase to the Snake Pit.
 19420 | Lair:6   | Found a staircase to the Slime Pits.
 20195 | Lair:7   | Received a gift from Trog
 20203 | Lair:7   | Reached skill level 10 in Armour
 20460 | Lair:7   | HP: 7/186 [death yak (6)]
 20462 | Lair:7   | Slain by a death yak

Action                   |  1- 3 |  4- 6 |  7- 9 | 10-12 | 13-15 || total
-------------------------+-------+-------+-------+-------+-------++-------
Melee: Hand axe          |   102 |    89 |    77 |       |       ||   268
       War axe           |       |    92 |   277 |   434 |       ||   803
       Unarmed           |       |       |       |    22 |       ||    22
       Executioner's axe |       |       |       |   314 |   237 ||   551
Invok: Berserk           |     2 |     7 |     9 |    18 |     4 ||    40
       Trog's Hand       |       |     2 |     2 |     7 |     3 ||    14
       Brothers in Arms  |       |       |       |     3 |     1 ||     4
       Burn Spellbooks   |       |       |       |       |     1 ||     1
  Use: Scroll            |     6 |     3 |    10 |    12 |     8 ||    39
       Potion            |     1 |       |     2 |     5 |     2 ||    10
 Stab: Sleeping          |       |       |       |     2 |     1 ||     3
  Eat: Meat ration       |     1 |     2 |     1 |     2 |     1 ||     7
       Beef jerky        |       |     1 |       |     3 |       ||     4
       Bread ration      |       |     1 |     4 |     5 |       ||    10
       Pizza             |       |     1 |       |     5 |     3 ||     9
       Chunk             |       |       |     1 |     1 |       ||     2
       Fruit             |       |       |       |     7 |     5 ||    12
